 Dungeon Crawl Stone Soup version 0.29.1-2-gbd0b4ee654 (webtiles) character file.

Game seed: 3500808577329470608

105 glubgluby the Trooper (level 4, 0/37 HPs)
             Began as a Palentonga Abyssal Knight on Nov 14, 2022.
             Was a Priest of Lugonu.
             Slain by a goblin
             ... wielding a +0 club
             ... led by Robin
              (3 damage)
             ... on level 3 of the Dungeon.
             The game lasted 00:04:29 (2925 turns).

glubgluby the Trooper (Palentonga Abyssal Knight)   Turns: 2925, Time: 00:04:30

Health: 0/37       AC:  7    Str: 21    XL:     4   Next: 54%
Magic:  6/6        EV:  5    Int: 16    God:    Lugonu [***...]
Gold:   152        SH:  0    Dex: 10    Spells: 3/3 levels left

rFire   . . .      SeeInvis +   a - +2 hand axe
rCold   . . .      Faith    .   (no shield)
rNeg    . . .      Spirit   .   n - +0 chain mail
rPois   .          Reflect  .   (no helmet)
rElec   .          Harm     .   (no cloak)
rCorr   .          Rampage  .   (no gloves)
Will    .....                   (no barding)
Stlth   ..........              (no amulet)
HPRegen 0.12/turn               f - +6 ring of intelligence
MPRegen 0.10/turn               (no ring)

@: no status effects
A: large, rugged brown scales 3, see invisible, deformed body, roll 1, armoured
tail
a: Rolling Charge, Renounce Religion, Depart the Abyss, Bend Space, Banish


You were on level 3 of the Dungeon.
You worshipped Lugonu.
Lugonu was most pleased with you.
You visited 1 branch of the dungeon, and saw 3 of its levels.
You visited the Abyss 1 time.

You collected 152 gold pieces.

Inventory:

Hand Weapons
 a - a +2 hand axe (weapon)
Armour
 n - a +0 chain mail (worn)
Jewellery
 e - a ring of wizardry
 f - a +6 ring of intelligence (left hand)
Scrolls
 b - a scroll of fog
 h - a scroll of teleportation {unknown}
 p - a scroll of brand weapon {unknown}
Potions
 c - a potion of curing
 d - a potion of cancellation {unknown}
 g - a potion of mutation {unknown}
 j - a potion of experience {unknown}
 k - a potion of heal wounds {unknown}
 l - a potion of ambrosia {unknown}


   Skills:
 + Level 3.5 Fighting
 * Level 3.1 Axes
 + Level 2.2 Armour
 - Level 1.1 Dodging
 + Level 2.9 Invocations


You had 3 spell levels left.
You didn't know any spells.
Your spell library contained the following spells:

 Spells                   Type           Power      Damage    Failure   Level
 Sandblast                Erth           0%         2d4       94%         1
 Passwall                 Tmut/Erth      0%         N/A       98%         2
 Stone Arrow              Conj/Erth      0%         3d7       100%        3
 Conjure Ball Lightning   Conj/Air       0%         3x3d6     100%        6
 Discord                  Hex            0%         N/A       100%        8
 Disjunction              Tloc           0%         N/A       100%        8


Dungeon Overview and Level Annotations

Branches:
Dungeon (3/15)

Altars:

Annotations:
D:3 Robin


Innate Abilities, Weirdness & Mutations

You are completely covered in rugged brown scales. (AC +3, +7% HP)
You have supernaturally acute eyesight. (SInv)
Armour fits poorly on your strangely shaped body.
You can roll at nearby foes to attack.
You have a long armoured tail.


Message History

The goblin is heavily wounded.
The goblin no longer looks unusually strong.
The goblin hits you but does no damage.
Robin roars a battlecry!
The goblin goes into a battle-frenzy!
The goblin attacks as you move away! The goblin hits you with a +0 club.
* * * LOW HITPOINT WARNING * * *
Found 12 gold pieces and a fizzy white potion.
The goblin attacks as you move away! The goblin hits you with a +0 club.
* * * LOW HITPOINT WARNING * * *
The goblin attacks as you move away! The goblin hits you but does no damage.
You feel better. The goblin hits you with a +0 club.
* * * LOW HITPOINT WARNING * * *
Found a stone staircase leading down.
Robin zaps a wand.
You resist with some effort.
You see here 12 gold pieces.
The goblin attacks as you move away! The goblin hits you with a +0 club.
* * * LOW HITPOINT WARNING * * *
You barely miss the goblin.
The goblin is moderately wounded.
The goblin hits you with a +0 club.
* * * LOW HITPOINT WARNING * * *
The goblin attacks as you move away! The goblin hits you with a +0 club.
* * * LOW HITPOINT WARNING * * *
The goblin attacks as you move away! The goblin hits you but does no damage.
The goblin no longer looks unusually strong.
The goblin attacks as you move away! The goblin hits you but does no damage.
Robin says, "Bow before me, strongest of all the hobgoblins!"
Robin roars a battlecry!
The goblin goes into a battle-frenzy!
The goblin attacks as you move away! The goblin barely misses you.
The goblin attacks as you move away! The goblin barely misses you.
The goblin attacks as you move away! The goblin hits you with a +0 club.
* * * LOW HITPOINT WARNING * * *
The goblin attacks as you move away! The goblin barely misses you.
The goblin attacks as you move away! The goblin hits you with a +0 club.
* * * LOW HITPOINT WARNING * * *
The goblin attacks as you move away! The goblin hits you with a +0 club.
You die...

#.......##.
#..........#...
##.....#####... ...##
##...##.####...
....## #..#.##......#
.....####.#.........#
.............##.)...#
..........##.##.....#
...>.#######...g@...#
....###....g..#.[..<#
........###..##.....#
......###
#.#######.## ......#
...# #..#
.........).## ##.#
...........
#.#####.######
#.##.#.####
.............#
..##...#
#...###.......#


You could see Robin and a goblin (strong).

Vanquished Creatures
  Jessica (D:3)
  An adder (D:3)
  A worm (D:2)
  A dart slug (D:1)
  An orc (D:3)
  2 bats (D:1)
  6 endoplasms
  A giant cockroach (D:2)
  13 goblins
  9 hobgoblins
  7 jackals
  A quokka (D:1)
  3 ball pythons
  3 frilled lizards
  A kobold (D:1)
  5 rats
56 creatures vanquished.

Notes
Turn   | Place    | Note
-------+----------+-------------------------------------------
     0 | Abyss:1  | glubgluby the Palentonga Abyssal Knight began the quest for
                  | the Orb.
     0 | Abyss:1  | Reached XP level 1. HP: 19/19 MP: 2/2
     2 | Abyss:1  | Found a corrupted altar of Lugonu.
    14 | Abyss:1  | Found a sacrificial altar of Ru.
    24 | Abyss:1  | Found a sacrificial altar of Ru.
    24 | Abyss:1  | Found a sacrificial altar of Ru.
    93 | Abyss:1  | Noticed a small abomination
    95 | D:1      | Escaped the Abyss
   336 | D:1      | Reached skill level 1 in Dodging
   337 | D:1      | Reached XP level 2. HP: 9/25 MP: 3/3
   628 | D:1      | You fall into a shaft and drop 1 floor!
   953 | D:2      | Noticed an ogre
  1345 | D:1      | Reached XP level 3. HP: 25/31 MP: 4/4
  1690 | D:1      | Found a faded altar of an unknown god.
  1884 | D:2      | HP: 1/31 [worm (9)]
  2465 | D:3      | Noticed Jessica
  2479 | D:3      | Killed Jessica
  2480 | D:3      | Reached XP level 4. HP: 14/37 MP: 4/6
  2868 | D:3      | Noticed Robin
  2880 | D:3      | Reached *** piety under Lugonu
  2925 | D:3      | Slain by a goblin

Illustrated notes

Levels and vault maps discovered:
D:1:      evilmike_arrival_fibonacci_small, layout_basic,
          shapermc_ecumenical_altar_pompeii
D:2:      layout_rooms
D:3:      layout_rooms, mainiacjoe_overflow_brackets, uniq_grinder,
          uniq_jessica, uniq_robin

Skill      XL: |  1  2  3  4 |
---------------+-------------+-----
Dodging        | 1 |  1.1
Armour         | 2 |  2.2
Axes           | 3 |  3.1
Fighting       | |  3.5
Invocations    | |  2.9

Action                   |  1- 3 |  4- 6 || total
-------------------------+-------+-------++-------
Melee: Hand axe          |   122 |    19 ||   141
       Tailslap          |    11 |     2 ||    13
Invok: Depart the Abyss  |     1 |       ||     1
       Bend Space        |       |     1 ||     1
 Abil: Rolling Charge    |     1 |       ||     1
  Use: Scroll            |     5 |       ||     5
       Potion            |       |     1 ||     1
Armor: Leather armour    |     8 |       ||     8
       Chain mail        |    43 |    19 ||    62
Dodge: Dodged            |    33 |    12 ||    45
